 Dungeon Crawl Stone Soup version 0.22-a0-379-ga9d99d62ad (webtiles) character file.

159125 D1HalberdGnoll the Scorcher (level 17, 0/163 HPs)
             Began as a Deep Elf Fire Elementalist on Apr 28, 2018.
             Was a High Priest of Vehumet.
             Succumbed to a merfolk javelineer's poison
             ... on level 4 of the Shoals.
             The game lasted 02:00:37 (47395 turns).

D1HalberdGnoll the Scorcher (DEFE)                 Turns: 47395, Time: 02:00:38

Health: 0/163      AC: 28    Str:  6    XL:     17   Next: 15%
Magic:  19/34      EV:  2    Int: 26    God:    Vehumet [*****.]
Gold:   1731       SH:  6    Dex: 16    Spells: 7/39 levels left

rFire    + . .     SeeInvis .   a - staff of energy
rCold    x . .     Gourm    .   p - +1 buckler {reflect}
rNeg     + + +     Faith    .   (armour currently unavailable)
rPois    +         Spirit   .   (helmet currently unavailable)
rElec    .         Reflect  +   (cloak currently unavailable)
rCorr    .         Harm     .   (gloves currently unavailable)
MR       +....     NoTele   +   (boots currently unavailable)
Stlth    ++........             j - amulet "Coith" {+Rage rN++}
HPRegen  0.37/turn              B - ring of poison resistance
MPRegen  0.24/turn              I - ring of fire

@: lethally poisoned (0 -> -1), tree-form, very slow
A: no striking features
a: Renounce Religion, Evoke Berserk Rage


You were on level 4 of the Shoals.
You worshipped Vehumet.
Vehumet was extremely pleased with you.
You were not hungry.
You were a tree.
You visited 5 branches of the dungeon, and saw 28 of its levels.

You collected 2665 gold pieces.
You spent 934 gold pieces at shops.

Inventory:

Missiles
 w - 9 throwing nets (quivered)
Armour
 g - a scarf of cloud immunity (melded)
 o - a +0 pair of boots (melded)
 p - a +1 buckler of reflection (worn)
 y - a +0 pair of gloves (melded)
 C - a +2 hat of magic resistance (melded)
 P - a +4 troll leather armour (melded)
Magical Staves
 a - an uncursed staff of energy (weapon)
Jewellery
 j - the amulet "Coith" (around neck) {+Rage rN++}
   (You found it on level 6 of the Lair of Beasts)

   [amulet of rage]

   It greatly protects you from negative energy.
   It lets you go berserk.
 t - an uncursed ring of protection from magic
 B - a ring of poison resistance (left branch)
 I - a ring of fire (right branch)
Wands
 k - a wand of disintegration (12)
 D - a wand of enslavement (19)
 E - a wand of polymorph (62)
 F - a wand of digging (4)
 R - a wand of paralysis (5)
Scrolls
 f - 13 scrolls of remove curse
 i - 2 scrolls of immolation
 m - 5 scrolls of fog
 q - 2 scrolls of brand weapon
 x - 5 scrolls of amnesia
 G - 3 scrolls of magic mapping
 M - a scroll of identify
 N - 2 scrolls of enchant weapon
Potions
 b - a potion of flight
 d - a potion of might
 h - 5 potions of agility
 l - 3 potions of mutation
 r - a potion of lignification
 u - 2 potions of degeneration
 z - 2 potions of brilliance
 J - 3 potions of haste
 K - 2 potions of cancellation
Comestibles
 c - 24 rations


   Skills:
 + Level 13.2 Fighting
 + Level 16.3 Dodging
 - Level 2.4 Stealth
 - Level 4.0 Shields
 * Level 11.9 Spellcasting
 - Level 10.0 Conjurations
 - Level 18.0 Fire Magic
 - Level 10.0 Ice Magic


You had 7 spell levels left.
You knew the following spells:

 Your Spells              Type           Power        Failure   Level  Hunger
a - Flame Tongue          Conj/Fire      #####        0%          1    None
b - Conjure Flame         Conj/Fire      #######.     1%          3    None
c - Sticky Flame          Conj/Fire      #######.     1%          4    None
d - Fireball              Conj/Fire      #######...   1%          5    None
e - Bolt of Fire          Conj/Fire      #######...   1%          6    None
f - Freezing Cloud        Conj/Ice/Air   ######....   11%         6    None
g - Orb of Destruction    Conj           ######....   13%         7    None


Dungeon Overview and Level Annotations

Branches:
Dungeon (15/15)            Temple (1/1) D:5            Lair (6/6) D:8
 Shoals (4/4) Lair:4        Snake (0/4) Lair:4        Slime (0/5) Lair:6
    Orc (2/2) D:9
    Elf: Orc:2       Vaults: D:13-14     Depths: D:15

Altars:
Ashenzari
Cheibriados
Dithmenos
Elyvilon
Fedhas
Gozag
Hepliaklqana
Kikubaaqudgha
Makhleb
Nemelex Xobeh
Okawaru
Qazlal
Ru
Sif Muna
Trog
Uskayaw
Vehumet
Wu Jian
Xom
Yredelemnul
Zin
The Shining One
Beogh
Jiyva

Shops:
D:4 :   Orc:2 !   Shoals:3 *[

Annotations:
D:3 exclusion: downstairs
D:5 exclusion: downstairs
D:7 exclusion: downstairs
D:11 exclusion: downstairs
D:13 exclusion: downstairs
Lair:5 exclusion: downstairs
Shoals:3 2 transporters
Shoals:4 Polyphemus
Orc:1 exclusion: downstairs
Orc:2 D1HalberdGnoll's ghost, journeyman DsMo; Donald


Message History

The manticore bites you!
* * * LOW HITPOINT WARNING * * *
The manticore claws you but does no damage.
The manticore claws you.
* * * LOW HITPOINT WARNING * * *
Okay, then.
Okay, then.
Evoke which item? (* to show all) (? for menu, Esc to quit)
Okay, then.
Okay, then.
Okay, then.
Casting: Bolt of Fire (safe; 1% risk of failure)
Confirm with . or Enter, or press ? or * to list all spells.
Aiming: Bolt of Fire (safe; 1% risk of failure)
Press: ? - help, Shift-Dir - straight line You feel a surge of power!
The bolt of fire hits the manticore.
You kill the manticore!
Vehumet accepts your kill.
You feel your power returning.
You die...

...............≈≈.≈..##
... ................≈...≈#
.....≈≈≈...........≈≈#
≈≈...≈≈≈≈..........≈≈#
≈≈≈≈≈≈≈≈≈.........≈≈≈##
≈≈≈≈≈≈≈#####.....≈≈≈≈≈####
≈≈≈≈≈≈##≈≈ ##...≈≈≈≈≈≈≈≈≈≈
≈≈≈≈≈≈#... #..≈≈)≈≈≈§§≈≈≈
#t.} #≈§§♣k§≈≈≈≈≈≈≈ ≈ #...
#≈(≈≈≈≈≈§≈§≈≈≈ ≈≈≈ #H.
##≈≈≈≈≈≈≈≈≈≈≈≈≈
≈≈≈≈≈##)##m≈≈≈≈≈≈≈≈≈≈≈≈≈
≈≈≈≈≈≈≈≈≈()≈≈≈≈≈≈≈≈≈≈≈≈≈
≈≈≈≈≈≈≈≈≈≈≈≈≈≈≈≈≈≈≈≈≈≈≈≈
≈≈≈≈≈≈≈≈≈≈≈≈≈≈≈≈≈≈≈≈≈≈≈
≈≈≈≈≈≈≈≈≈≈≈≈≈≈≈≈≈≈≈≈≈≈
≈≈≈≈≈≈≈≈≈≈≈≈≈≈≈≈≈≈≈≈≈


You could see a merfolk javelineer and a wind drake.

Vanquished Creatures
  Rupert (Lair:4)
  Gastronok (D:8)
  Kirke (Lair:5)
  A kraken (Shoals:2)
  Ilsuiw (Shoals:4)
  5 merfolk impalers
  5 hydras
  2 ogre magi
  2 vault guards (D:13)
  8 merfolk avatars
  5 satyrs
  Erica (D:9)
  2 catoblepae
  3 merfolk aquamancers
  The ghost of D1HalberdGnoll the Zephyrmancer, a journeyman TeAE of Vehumet (D:10)
  12 two-headed ogres
  2 centaur warriors
  The ghost of loom the Destroyer, a novice DrCj of Vehumet (D:8)
  10 death yaks
  3 tengu warriors
  An orc high priest (Orc:2)
  12 sea snakes
  4 unseen horrors
  2 wolf spider zombies (D:15)
  The ghost of Shaidar the Basher, a novice MiBe of Trog (D:6)
  An orc knight (D:15)
  18 harpies
  Pikel (D:8)
  4 deep elf magi
  6 ugly things
  28 fauns
  7 cyclopes
  11 manticores
  2 orc sorcerers
  5 elephants (Lair:5)
  2 centaur zombies
  12 merfolk sirens
  4 black mambas
  2 gargoyles
  5 water nymphs
  26 spiny frogs
  4 rime drakes
  5 komodo dragons
  5 trolls
  A tengu conjurer (Shoals:4)
  3 wind drakes
  6 meliai
  A queen bee (Lair:3)
  Prince Ribbit (D:6)
  15 hippogriffs
  5 tyrant leeches (Lair:6)
  20 merfolk
  Grinder (D:6)
  9 dream sheep
  10 snapping turtles
  20 blink frogs
  2 shadows (D:11)
  10 water elementals
  A wraith (D:8)
  6 wyverns
  31 yaks
  4 hogs (Lair:5)
  7 basilisks
  6 steam dragons
  2 hungry ghosts
  16 vampire mosquitoes
  Menkaure (D:7)
  4 wargs
  Edmund (D:3)
  11 water moccasins
  4 porcupines
  4 black bears
  4 ice beasts
  21 orc warriors
  A sky beast (D:6)
  2 slaves (D:8)
  An eye of draining (D:10)
  15 wolves
  A necrophage (D:6)
  4 phantoms
  16 ogres
  22 centaurs
  11 crocodiles
  2 big kobolds (D:9)
  30 bullfrogs
  A water moccasin zombie (D:6)
  A wyvern skeleton (D:14)
  4 scorpions
  25 killer bees
  9 wights
  4 howler monkeys
  8 crimson imps
  6 jellies
  11 hounds
  5 bullfrog zombies
  23 orc priests
  A bullfrog skeleton (D:9)
  Crazy Yiuf (D:4)
  4 centaur skeletons
  Natasha (thrice) (D:4)
  Terence (D:1)
  10 iguanas
  27 orc wizards
  A hell rat (Lair:3)
  13 worker ants
  2 hound zombies
  A hound skeleton (D:4)
  15 adders
  12 gnolls
  7 shadow imps
  4 oozes
  3 adder skeletons
  An adder zombie (D:8)
  A worm (D:2)
  5 leopard geckos
  72 orcs
  A ball python (D:1)
  5 giant cockroaches
  3 goblins
  10 hobgoblins
  9 jackals
  6 quokkas
  A ball python zombie (D:5)
  8 bats
  9 frilled lizards
  13 kobolds
  2 leopard gecko skeletons
  2 leopard gecko zombies (D:6)
  A quokka skeleton (D:5)
  9 rats
  2 fungi (Lair:5)
  8 plants
937 creatures vanquished.

Vanquished Creatures (collateral kills)
  A harpy (Shoals:4)
  A wyvern (Lair:3)
2 creatures vanquished.

Vanquished Creatures (others)
  2 merfolk aquamancers (Shoals:4)
  A satyr (Shoals:3)
  A snapping turtle (Shoals:4)
  A slave (D:8)
  A jelly (D:14)
  A shadow imp (D:8)
  2 orcs (D:8)
  35 fungi
  72 plants
  13 tentacles (Shoals:2)
129 creatures vanquished.

Grand Total: 1068 creatures vanquished

Notes
Turn   | Place    | Note
-------+----------+-------------------------------------------
     0 | D:1      | D1HalberdGnoll the Deep Elf Fire Elementalist began the quest for the Orb.
     0 | D:1      | Reached XP level 1. HP: 10/10 MP: 6/6
   585 | D:1      | Reached XP level 2. HP: 12/15 MP: 6/8
  1388 | D:2      | Reached XP level 3. HP: 20/20 MP: 6/9
  1475 | D:2      | Learned a level 3 spell: Conjure Flame
  1525 | D:2      | Noticed Terence
  1701 | D:1      | Killed Terence
  1701 | D:1      | Reached skill level 4 in Fire Magic
  2128 | D:2      | Reached XP level 4. HP: 15/24 MP: 7/11
  2313 | D:2      | Reached skill level 1 in Fighting
  2479 | D:2      | Found a burning altar of Makhleb.
  2749 | D:2      | Learned a level 4 spell: Sticky Flame
  3340 | D:3      | Reached XP level 5. HP: 29/29 MP: 5/12
  3816 | D:4      | Noticed Natasha
  3821 | D:4      | Killed Natasha
  3836 | D:4      | Noticed an ogre
  3844 | D:4      | Noticed an ogre
  3847 | D:4      | Killed an ogre
  3847 | D:4      | Reached skill level 5 in Fire Magic
  3847 | D:4      | Reached XP level 6. HP: 35/35 MP: 2/14
  3853 | D:4      | Noticed Natasha
  3962 | D:4      | Noticed Edmund
  3972 | D:3      | Killed Edmund
  4166 | D:4      | Found Evor's Book Shoppe.
  4279 | D:4      | Killed Natasha
  4405 | D:4      | Reached skill level 5 in Spellcasting
  4405 | D:4      | Reached XP level 7. HP: 40/40 MP: 8/16
  4459 | D:4      | Learned a level 5 spell: Fireball
  4470 | D:4      | Reached skill level 6 in Fire Magic
  4926 | D:4      | Found a runed door.
  4977 | D:4      | Noticed Natasha
  5328 | D:4      | Killed Natasha
  5504 | D:4      | Noticed Crazy Yiuf
  5509 | D:4      | Killed Crazy Yiuf
  5614 | D:5      | Entered Level 5 of the Dungeon
  5722 | D:5      | Reached XP level 8. HP: 24/45 MP: 11/18
  5727 | D:5      | Reached skill level 7 in Fire Magic
  6099 | D:5      | Reached skill level 1 in Shields
  6736 | D:5      | Found a staircase to the Ecumenical Temple.
  6747 | Temple   | Entered the Ecumenical Temple
  7585 | D:6      | Reached skill level 5 in Conjurations
  7585 | D:6      | Reached skill level 8 in Fire Magic
  7897 | D:6      | Noticed Grinder
  7905 | D:6      | Killed Grinder
  7905 | D:6      | Reached XP level 9. HP: 40/52 MP: 20/20
  8058 | D:6      | Noticed Prince Ribbit
  8378 | D:6      | Noticed Shaidar's ghost (novice MiBe)
  8484 | D:6      | Reached skill level 9 in Fire Magic
  8756 | D:6      | Killed Shaidar's ghost
  9038 | D:6      | Killed Prince Ribbit
  9148 | D:6      | Reached skill level 10 in Fire Magic
  9403 | D:7      | Noticed Menkaure
  9405 | D:7      | Found a bloodstained altar of Trog.
  9407 | D:7      | Killed Menkaure
  9407 | D:7      | Reached skill level 5 in Fighting
  9408 | D:7      | Found a sparkling altar of Nemelex Xobeh.
  9412 | D:7      | Found an ancient bone altar of Kikubaaqudgha.
  9417 | D:7      | Found a white marble altar of Elyvilon.
  9575 | D:7      | Reached XP level 10. HP: 55/59 MP: 14/21
  9715 | D:7      | Found a radiant altar of Vehumet.
  9839 | D:7      | Became a worshipper of Vehumet
 10279 | D:7      | Reached skill level 11 in Fire Magic
 10530 | D:8      | Noticed Pikel
 10544 | D:8      | Killed Pikel
 10548 | D:8      | Noticed a two-headed ogre
 10654 | D:7      | Killed a two-headed ogre
 11182 | D:8      | Noticed Gastronok
 11191 | D:8      | Killed Gastronok
 11191 | D:8      | Reached skill level 12 in Fire Magic
 11365 | D:8      | Reached XP level 11. HP: 66/66 MP: 22/22
 11369 | D:8      | Reached * piety under Vehumet
 11369 | D:8      | Offered knowledge of Shock by Vehumet.
 11389 | D:8      | Noticed loom's ghost (novice DrCj)
 11401 | D:8      | Killed loom's ghost
 11401 | D:8      | Reached skill level 13 in Fire Magic
 11626 | D:8      | Reached skill level 5 in Dodging
 11956 | D:8      | Found a staircase to the Lair.
 12880 | Lair:1   | Entered Level 1 of the Lair of Beasts
 13065 | Lair:1   | Offered knowledge of Sandblast by Vehumet.
 13328 | Lair:1   | Reached ** piety under Vehumet
 15006 | Lair:2   | Reached skill level 14 in Fire Magic
 15813 | Lair:2   | Noticed a six-headed hydra
 15817 | Lair:2   | Killed a six-headed hydra
 16738 | Lair:2   | Reached XP level 12. HP: 43/73 MP: 15/23
 18110 | Lair:3   | Offered knowledge of Mephitic Cloud by Vehumet.
 18174 | Lair:3   | Reached skill level 15 in Fire Magic
 18436 | Lair:3   | Reached *** piety under Vehumet
 18871 | Lair:3   | Found a burning altar of Makhleb.
 19153 | Lair:3   | Noticed a four-headed hydra
 19160 | Lair:3   | Killed a four-headed hydra
 19245 | Lair:3   | Learned a level 3 spell: Mephitic Cloud
 19518 | Lair:4   | Offered knowledge of Airstrike by Vehumet.
 19667 | Lair:4   | Found a staircase to the Shoals.
 19862 | Lair:4   | Noticed Rupert
 20001 | Lair:4   | Killed Rupert
 20001 | Lair:4   | Reached skill level 16 in Fire Magic
 20191 | Lair:4   | Reached XP level 13. HP: 80/80 MP: 19/24
 20230 | Lair:4   | Found a staircase to the Snake Pit.
 20565 | Lair:3   | Reached skill level 10 in Dodging
 21144 | Lair:4   | Reached **** piety under Vehumet
 21247 | Lair:5   | Offered knowledge of Throw Icicle by Vehumet.
 21372 | Lair:4   | Learned a level 4 spell: Throw Icicle
 21684 | Lair:5   | Got a silken robe
 21685 | Lair:5   | Identified the +2 robe of the Trout {Int+3} (You found it on level 5 of the Lair of Beasts)
 22433 | Lair:5   | Reached skill level 17 in Fire Magic
 22486 | Lair:5   | Noticed Kirke
 23280 | Lair:5   | Killed Kirke
 23504 | Lair:6   | Entered Level 6 of the Lair of Beasts
 23655 | Lair:6   | Reached skill level 10 in Fighting
 24805 | Lair:6   | Found a runed door.
 24807 | Lair:6   | Found a viscous altar of Jiyva.
 24891 | Lair:6   | Reached XP level 14. HP: 88/88 MP: 12/25
 24999 | Lair:6   | Reached ***** piety under Vehumet
 25063 | Lair:6   | Offered knowledge of Ozocubu's Refrigeration by Vehumet.
 25397 | Lair:6   | Reached skill level 18 in Fire Magic
 25756 | Lair:6   | Found a staircase to the Slime Pits.
 26224 | Lair:6   | Got a faintly glowing graven amulet
 26904 | D:9      | Noticed Maurice
 26928 | D:9      | Noticed Maurice
 26928 | D:9      | Maurice changed into Maurice the big kobold
 26934 | D:9      | Killed Maurice the big kobold
 27304 | D:9      | Found a staircase to the Orcish Mines.
 27715 | D:9      | Noticed Erica
 27728 | D:9      | Killed Erica
 28175 | D:10     | Entered Level 10 of the Dungeon
 28752 | D:10     | Noticed D1HalberdGnoll's ghost (journeyman TeAE)
 28851 | D:10     | Killed D1HalberdGnoll's ghost
 29427 | D:11     | Offered knowledge of Venom Bolt by Vehumet.
 30407 | Orc:1    | Entered Level 1 of the Orcish Mines
 31096 | Orc:1    | Found a roughly hewn altar of Beogh.
 31315 | Orc:2    | Entered Level 2 of the Orcish Mines
 31578 | Orc:2    | Paralysed by an orc sorcerer for 5 turns
 31622 | Orc:2    | Found a roughly hewn altar of Beogh.
 31911 | Orc:2    | Found a roughly hewn altar of Beogh.
 32000 | Orc:2    | Found Nishrieki's Distillery.
 32016 | Orc:2    | Bought a potion of magic for 136 gold pieces
 32016 | Orc:2    | Bought a potion of heal wounds for 85 gold pieces
 32060 | Orc:2    | Noticed Donald
 32626 | Orc:2    | Found a roughly hewn altar of Beogh.
 33105 | Orc:2    | Noticed D1HalberdGnoll's ghost (journeyman DsMo)
 33531 | D:12     | Identified the amulet "Coith" {+Rage rN++} (You found it on level 6 of the Lair of Beasts)
 33598 | D:12     | Offered knowledge of Bolt of Fire by Vehumet.
 35218 | D:13     | Learned a level 6 spell: Bolt of Fire
 35237 | D:13     | Reached XP level 15. HP: 96/96 MP: 11/26
 37258 | D:14     | Offered knowledge of Freezing Cloud by Vehumet.
 37268 | D:14     | Learned a level 6 spell: Freezing Cloud
 37404 | D:15     | Entered Level 15 of the Dungeon
 37776 | D:15     | Reached skill level 1 in Ice Magic
 39449 | D:13     | Reached skill level 5 in Ice Magic
 40687 | Shoals:1 | Entered Level 1 of the Shoals
 41329 | Shoals:1 | Reached skill level 15 in Dodging
 42112 | Shoals:2 | Noticed a kraken
 42200 | Shoals:2 | Reached XP level 16. HP: 49/103 MP: 3/31
 42623 | Shoals:2 | Killed a kraken
 42732 | Shoals:2 | Offered knowledge of Orb of Destruction by Vehumet.
 42745 | Shoals:2 | Learned a level 7 spell: Orb of Destruction
 43051 | Shoals:2 | Identified a scroll of acquirement
 43605 | Shoals:3 | Found Jioch's Weapon Shop.
 43609 | Shoals:3 | Reached skill level 10 in Spellcasting
 44330 | Shoals:3 | Found a transporter.
 44693 | Shoals:3 | Found Xeydiah's Armour Shop.
 44824 | Shoals:3 | Bought a +0 buckler of reflection for 153 gold pieces
 44967 | Shoals:3 | Found a transporter.
 45171 | Shoals:3 | Found Nugydgh's General Store.
 45179 | Shoals:3 | Bought a phantom mirror for 480 gold pieces
 45179 | Shoals:3 | Bought a scroll of identify for 32 gold pieces
 45179 | Shoals:3 | Bought a potion of curing for 48 gold pieces
 45602 | Shoals:4 | Entered Level 4 of the Shoals
 45903 | Shoals:4 | Reached skill level 10 in Ice Magic
 45905 | Shoals:4 | Offered knowledge of Poison Arrow by Vehumet.
 46154 | Shoals:4 | Noticed Polyphemus
 47072 | Shoals:4 | Reached XP level 17. HP: 100/108 MP: 18/34
 47277 | Shoals:4 | Noticed Ilsuiw
 47281 | Shoals:4 | Killed Ilsuiw
 47281 | Shoals:4 | Reached skill level 10 in Conjurations
 47388 | Shoals:4 | HP: 5/109 [snapping turtle (21)]
 47394 | Shoals:4 | HP: 7/163 [manticore (10)]
 47394 | Shoals:4 | HP: 1/163 [manticore (6)]
 47395 | Shoals:4 | Succumbed to a merfolk javelineer's poison

Vault maps used:
D:1:      minmay_arrival_widening_spiral_wide
D:2:      makhleb_blood_cavern_becter, uniq_terence
D:3:      minmay_liquid_box
D:4:      serial_shops, shop_statue, uniq_natasha, uniq_edmund,
          uniq_crazy_yiuf_cottage
D:5:      minmay_temple_entry_purple_smoke, first_ration
D:6:      uniq_prince_ribbit1, uniq_grinder
D:7:      kennysheep_mini_moat, grunt_temple_overflow_open, grunt_ogre_cave,
          uniq_menkaure
D:8:      lair_entry_dummy, uniq_gastronok, uniq_pikel
D:9:      david_orc_3, uniq_erica, uniq_maurice
D:10:     minivault_23
D:11:     evilmike_surprise_oklob
D:12:     minmay_joined_circles
D:13:     st_stairs_14, grunt_decor_one_mirror
D:14:     kennysheep_green_arena, erik_vaults_2, special_room,
          minmay_door_square, david_defended_altar_orc
D:15:     gammafunk_enter_depths_forms, stair_cage_open
Temple:   eino_temple_scatter_basement
Lair:1:   lemuel_old_faithful
Lair:3:   regret_index_tunnel_blossom, basic_altar,
          hangedman_lair_generics_rect, serial_bayou_shore_b
Lair:4:   elwin_shoals_entry_stream, dummy_snake_entry, uniq_rupert
Lair:5:   infiniplex_staircase_pool_2, lemuel_fruit_tree, grunt_megastairs_4,
          wad_woods_river_01, uniq_kirke
Lair:6:   minmay_lair_end_frog_pond, slime_altar_2
Shoals:1: nicolae_shoals_loop_pool
Shoals:2: nicolae_shoals_drake_roost
Shoals:3: gammafunk_its_a_trap, serial_shops, shop, shop_fountains,
          shop_fountains, nicolae_shoals_seven_spires
Shoals:4: shoals_end_simple, shoals_ilsuiw_alternative, kb_tengu_band,
          uniq_polyphemus
Orc:1:    basic_altar, abandoned_shop, mines_bat_river
Orc:2:    grunt_orc_community_town_hall, grunt_orc_community_big_house_2,
          grunt_orc_community_big_house_1, grunt_orc_community_house_1,
          grunt_orc_community_house_1, grunt_orc_community_house_1,
          grunt_orc_community_house_3, grunt_orc_community_house_3,
          grunt_orc_community_house_3, serial_shops, shop, basic_altar,
          uniq_donald

Skill      XL: |  1  2  3  4  5  6  7  8  9 10 11 12 13 14 15 16 17 |
---------------+----------------------------------------------------+-----
Dodging        | 3 4 7 9 11 14 15 16 | 16.3
Fire Magic     | 4 5 6 8 10 12 14 16 17 18 | 18.0
Fighting       | 1 2 3 5 6 8 9 10 11 12 13 | 13.2
Conjurations   | 2 3 4 5 6 7 8 9 10 | 10.0
Spellcasting   | 4 5 6 9 11 | 11.9
Shields        | 2 4 |  4.0
Ice Magic      | 7 10 | 10.0
Stealth        | |  2.4

Action                   |  1- 3 |  4- 6 |  7- 9 | 10-12 | 13-15 | 16-18 || total
-------------------------+-------+-------+-------+-------+-------+-------++-------
Melee: Whip              |       |     1 |       |       |       |       ||     1
       Short sword       |       |       |   103 |    71 |       |       ||   174
       Staff             |       |       |       |       |   207 |    21 ||   228
Throw: Throwing net      |       |       |       |       |     1 |       ||     1
 Cast: Flame Tongue      |    59 |    86 |   247 |   411 |   784 |    96 ||  1683
       Conjure Flame     |     2 |     5 |    16 |    19 |    23 |     1 ||    66
       Sticky Flame      |       |       |    19 |    70 |   177 |    29 ||   295
       Fireball          |       |       |     6 |    52 |   219 |    81 ||   358
       Mephitic Cloud    |       |       |       |       |    14 |       ||    14
       Throw Icicle      |       |       |       |       |    15 |       ||    15
       Bolt of Fire      |       |       |       |       |    67 |    94 ||   161
Evoke: Wand              |       |       |     6 |     3 |    19 |    15 ||    43
       Phantom mirror    |       |       |       |       |       |     1 ||     1
  Use: Scroll            |       |       |     9 |    14 |    22 |    13 ||    58
       Potion            |       |       |     2 |     1 |    19 |    11 ||    33
 Stab: Paralysed         |       |       |       |       |     9 |       ||     9
  Eat: Chunk             |     4 |     7 |    16 |    31 |    29 |     6 ||    93
       Ration            |       |       |     1 |     9 |    11 |     3 ||    24
Armor: Robe              |     3 |     2 |    16 |    28 |       |       ||    49
       Steam dragon scal |       |       |       |     9 |   107 |       ||   116
       Troll leather arm |       |       |       |       |    35 |    33 ||    68
       Skin              |       |       |       |       |       |     9 ||     9
Dodge: Dodged            |    11 |    19 |   117 |   205 |   684 |   215 ||  1251
Block: Buckler           |       |       |    37 |    73 |   179 |    62 ||   351
       Reflection        |       |       |       |       |       |     5 ||     5

Table legend:
 A = Spawn XP
 B = Non-spawn XP
 C = Spawn XP percentage of total XP
 D = Spawn monster count
 E = Non-spawn monster count
 F = Spawn count percentage of total count
 G = Total turns spent on level
                    A         B        C        D         E        F      G
               +---------+---------+-------+---------+---------+-------+---------
         Total |       0 |  227322 |   0.0 |       0 |     931 |   0.0 | 47395
               +---------+---------+-------+---------+---------+-------+---------
           D:1 |       0 |      62 |   0.0 |       0 |      21 |   0.0 |  1646
           D:2 |       0 |     115 |   0.0 |       0 |      26 |   0.0 |  1426
           D:3 |       0 |     221 |   0.0 |       0 |      14 |   0.0 |   970
           D:4 |       0 |     993 |   0.0 |       0 |      29 |   0.0 |  1572
           D:5 |       0 |     762 |   0.0 |       0 |      30 |   0.0 |  1765
           D:6 |       0 |    2751 |   0.0 |       0 |      34 |   0.0 |  1750
           D:7 |       0 |    2973 |   0.0 |       0 |      26 |   0.0 |  1826
           D:8 |       0 |    5750 |   0.0 |       0 |      37 |   0.0 |  1795
           D:9 |       0 |    3610 |   0.0 |       0 |      35 |   0.0 |  1473
          D:10 |       0 |    3088 |   0.0 |       0 |      10 |   0.0 |   918
          D:11 |       0 |    3796 |   0.0 |       0 |      34 |   0.0 |  1537
          D:12 |       0 |    7285 |   0.0 |       0 |      43 |   0.0 |  1648
          D:13 |       0 |   10830 |   0.0 |       0 |      50 |   0.0 |  2437
          D:14 |       0 |    2348 |   0.0 |       0 |      14 |   0.0 |   309
          D:15 |       0 |   19137 |   0.0 |       0 |      40 |   0.0 |  2022
        Lair:1 |       0 |    2818 |   0.0 |       0 |      13 |   0.0 |  2069
        Lair:2 |       0 |    4903 |   0.0 |       0 |      21 |   0.0 |  2498
        Lair:3 |       0 |   10945 |   0.0 |       0 |      60 |   0.0 |  2394
        Lair:4 |       0 |    9456 |   0.0 |       0 |      23 |   0.0 |  1713
        Lair:5 |       0 |   13201 |   0.0 |       0 |      46 |   0.0 |  2517
        Lair:6 |       0 |   18710 |   0.0 |       0 |      69 |   0.0 |  2832
      Shoals:1 |       0 |   11950 |   0.0 |       0 |      24 |   0.0 |  1145
      Shoals:2 |       0 |   21007 |   0.0 |       0 |      41 |   0.0 |  1976
      Shoals:3 |       0 |   24360 |   0.0 |       0 |      45 |   0.0 |  1794
      Shoals:4 |       0 |   35750 |   0.0 |       0 |      61 |   0.0 |  1793
         Orc:1 |       0 |    2244 |   0.0 |       0 |      32 |   0.0 |  1887
         Orc:2 |       0 |    8257 |   0.0 |       0 |      53 |   0.0 |  1495
               +---------+---------+-------+---------+---------+-------+---------
